 Dungeon Crawl Stone Soup version 0.31-a0-765-g67fe2935dc (webtiles) character file.

Game seed: 15075463069723342989

508916 demibob the Intangible (level 25, -1/234 HPs)
             Began as a Merfolk Chaos Knight on Sept 14, 2023.
             Was the Champion of Jiyva.
             Slain by a spriggan defender
             ... wielding a +1 heavy flail
              (11 damage)
             ... on level 3 of the Depths on Sept 15, 2023.
             The game lasted 02:39:16 (58749 turns).

demibob the Intangible (Merfolk Chaos Knight)      Turns: 58749, Time: 02:39:17

Health: -1/234     AC: 14    Str: 11    XL:     25   Next: 6%
Magic:  19/20      EV: 40    Int: 20    God:    Jiyva [******]
Gold:   1878       SH:  5    Dex: 22    Spells: 24/24 levels left

rFire   + + .        a - +8 bardiche (freeze)
rCold   + . .        (shield currently unavailable)
rNeg    . . .        M - +3 robe of Clouds {*Thunder rCloud rElec}
rPois   .            (helmet unavailable)
rElec   +            o - scarf {rC+ rF+}
rCorr   +            w - +1 pair of gloves
SInv    .            J - +0 pair of boots {Fly}
Will    +....        c - amulet of reflection
Stlth   ++           T - +4 ring of protection
HPRegen 2.19/turn    i - ring "Koss" {rElec EV+5 Dex+2}
MPRegen 0.67/turn

%: reflection, clarity
@: calling ooze, flying, studying 2 skills
A: (nimble swimmer 2), mertail, horns 3, clarity, clever 1, fire resistance 1,
low MP 1, eyeballs 2, engulf
}: 3/15 runes: decaying, serpentine, slimy
a: Renounce Religion, Oozemancy, Slimify


You were on level 3 of the Depths.
You worshipped Jiyva.
Jiyva was exalted by your worship.
You visited 10 branches of the dungeon, and saw 48 of its levels.
You visited the Abyss 1 time.
You also visited: Bailey, Gauntlet, Ice Cave and Desolation.

You collected 5622 gold pieces.
You spent 3744 gold pieces at shops.


Innate Abilities, Weirdness & Mutations

((You are very nimble when in or above water. (Stealth+, EV+, Speed+++)))
Your lower body shifts to a powerful aquatic tail in water.
You have a pair of large horns on your head.
You possess an exceptional clarity of mind.
Your mind is acute. (Int +4, Str/Dex -1)
Your flesh is heat resistant. (rF+)
Your magical capacity is low. (-10% MP)
Your body has grown many eyes which may confuse attackers. (Acc +5)
Your melee attacks may engulf your foes in ooze.


   Skills:
 O Level 27 Fighting
 O Level 27 Polearms
 - Level 13.3 Armour
 O Level 27 Dodging
 + Level 13.5 Evocations


You had 24 spell levels left.
You didn't know any spells.
Your spell library contained the following spells:

 Spells                   Type           Power      Damage    Failure   Level
 Necrotise                Necr           0%         1d4       19%         1
 Sandblast                Erth           0%         2d4       19%         1
 Shock                    Conj/Air       0%         1d3       19%         1
 Slow                     Hex            0%         N/A       19%         1
 Passwall                 Tmut/Erth      0%         N/A       28%         2
 Poisonous Vapours        Pois/Air       0%         N/A       28%         2
 Static Discharge         Conj/Air       0%         2-2/arc   28%         2
 Sublimation of Blood     Necr           0%         N/A       28%         2
 Wereblood                Tmut           0%         N/A       28%         2
 Confusing Touch          Hex            0%         N/A       50%         3
 Hailstorm                Conj/Ice       0%         3d3       50%         3
 Ignite Poison            Fire/Tmut/Pois 0%         N/A       50%         3
 Inner Flame              Hex/Fire       0%         N/A       50%         3
 Mephitic Cloud           Conj/Pois/Air  0%         N/A       50%         3
 Sigil of Binding         Hex            0%         N/A       50%         3
 Stone Arrow              Conj/Erth      0%         3d7       50%         3
 Swiftness                Air            0%         N/A       50%         3
 Tukima's Dance           Hex            0%         N/A       50%         3
 Vampiric Draining        Necr           0%         2d6       50%         3
 Airstrike                Air            0%         2d(0-16)  88%         4
 Anguish                  Hex/Necr       0%         N/A       88%         4
 Animate Armour           Summ/Erth      0%         N/A       88%         4
 Animate Dead             Necr           0%         N/A       88%         4
 Cause Fear               Hex            0%         N/A       88%         4
 Dimensional Bullseye     Hex/Tloc       0%         N/A       88%         4
 Flame Wave               Conj/Fire      0%         2d4       88%         4
 Iskenderun's Mystic Bla  Conj/Tloc      0%         2d3       88%         4
 Passage of Golubria      Tloc           0%         N/A       88%         4
 Petrify                  Tmut/Erth      0%         N/A       88%         4
 Sticky Flame             Conj/Fire      0%         2d3       88%         4
 Summon Ice Beast         Ice/Summ       0%         N/A       88%         4
 Summon Lightning Spire   Summ/Air       0%         N/A       88%         4
 Agony                    Necr           0%         N/A       99%         5
 Borgnjor's Vile Clutch   Necr/Erth      0%         N/A       99%         5
 Fireball                 Conj/Fire      0%         3d3       99%         5
 Freezing Cloud           Conj/Ice/Air   0%         6-21      99%         5
 Irradiate                Conj/Tmut      0%         3d11      99%         5
 Lee's Rapid Deconstruct  Erth           0%         3d4*      99%         5
 Summon Forest            Summ/Tloc      0%         N/A       99%         5
 Yara's Violent Unravell  Hex/Tmut       0%         3d3       99%         5
 Conjure Ball Lightning   Conj/Air       0%         3x3d6     100%        6
 Death Channel            Necr           0%         N/A       100%        6
 Eringya's Noxious Bog    Tmut/Pois      0%         4d6       100%        6
 Simulacrum               Ice/Necr       0%         N/A       100%        6
 Enfeeble                 Hex            0%         N/A       100%        7
 Haunt                    Necr/Summ      0%         N/A       100%        7
 Malign Gateway           Summ/Tloc      0%         N/A       100%        7
 Ozocubu's Refrigeration  Ice            0%         4d7       100%        7
 Summon Hydra             Summ           0%         N/A       100%        7
 Borgnjor's Revivificati  Necr           0%         N/A       100%        8
 Discord                  Hex            0%         N/A       100%        8
 Disjunction              Tloc           0%         N/A       100%        8
 Infestation              Necr           0%         N/A       100%        8
 Lehudib's Crystal Spear  Conj/Erth      0%         10d2      100%        8
 Summon Horrible Things   Summ           0%         N/A       100%        8
 Death's Door             Necr           0%         N/A       100%        9
 Dragon's Call            Summ           0%         N/A       100%        9
 Polar Vortex             Ice            0%         N/A       100%        9

Inventory:

Hand Weapons
 a - a +8 bardiche of freezing (weapon)
Armour
 o - a scarf of resistance (worn)
 w - a +1 pair of gloves (worn)
 J - a +0 pair of boots of flying (worn)
 M - the +3 robe of Clouds (worn) {*Thunder rCloud rElec}
   (You bought it in a shop on level 1 of the Dungeon)

   *Thunder:  It occasionally creates storm clouds above nearby enemies.
   rCloud:    It grants its wearer immunity to clouds.
   rElec:     It insulates you from electricity.
 V - the +1 hat of the Comet {Str+5 Int+6}
   (You found it in a Gauntlet)

   Str+5:     It affects your strength (+5).
   Int+6:     It affects your intelligence (+6).
 Y - +0 fire dragon scales
Jewellery
 c - an amulet of reflection (around neck)
 i - the ring "Koss" (right hand) {rElec EV+5 Dex+2}
   (You took it off a minotaur in a Gauntlet)

   [ring of evasion]

   EV+5:      It affects your evasion (+5).
   Dex+2:     It affects your dexterity (+2).
   rElec:     It insulates you from electricity.
 k - the amulet "Coypan" {RegenMP rF+ Dex+3}
   (You took it off a deep elf death mage on level 3 of the Elven Halls)

   [amulet of magic regeneration]

   RegenMP:   It increases your rate of magic regeneration.
   Dex+3:     It affects your dexterity (+3).
   rF+:       It protects you from fire.
 s - the amulet of Life {rC+ Regen+ Stlth+}
   (You found it on level 3 of the Crypt)

   [amulet of regeneration]

   rC+:       It protects you from cold.
   Regen+:    It increases your rate of health regeneration.
   Stlth+:    It makes you more stealthy.
 A - the ring "Gimaamye" {rF+ Dex+6}
   (You took it off a deep elf blademaster on level 3 of the Elven Halls)

   [ring of dexterity]

   Dex+6:     It affects your dexterity (+6).
   rF+:       It protects you from fire.
 C - a ring of protection from cold
 F - a ring of protection from fire
 L - a ring of flight
 P - the ring of Viuky Wilou {rElec rCorr Int+6}
   (You found it on level 3 of the Vaults)

   [ring of intelligence]

   Int+6:     It affects your intelligence (+6).
   rElec:     It insulates you from electricity.
   rCorr:     It protects you from acid and corrosion.
 T - a +4 ring of protection (left hand)
Wands
 e - a wand of paralysis (31)
 h - a wand of mindburst (24)
 j - a wand of digging (9)
 m - a wand of flame (94)
 p - a wand of polymorph (18)
 u - a wand of roots (34)
 B - a wand of light (21)
Scrolls
 d - 17 scrolls of identify {@r1}
 f - 2 scrolls of poison
 n - 5 scrolls of immolation
 S - 3 scrolls of enchant armour
Potions
 g - 7 potions of enlightenment
 l - 3 potions of attraction
 r - 8 potions of brilliance
 v - 3 potions of curing {@q1}
 z - 2 potions of lignification
 H - 2 potions of resistance
 K - 3 potions of mutation
 W - a potion of might
Miscellaneous
 y - a phantom mirror (inert)
 O - a condenser vane (inert)
 Q - a lightning rod (2/4)
 U - a phial of floods
 X - a box of beasts (inert)

Dungeon Overview and Level Annotations

Branches:
Dungeon (15/15)            Temple (0/1) D:5            Lair (5/5) D:10
  Swamp (4/4) Lair:3        Snake (4/4) Lair:3        Slime (5/5) Lair:5
    Orc (2/2) D:11            Elf (3/3) Orc:2        Vaults (4/5) D:14
  Crypt (3/3) Vaults:3       Tomb (0/3) Crypt:3      Depths (3/4) D:15
 Bailey (visited)           IceCv (visited)         Desolation (visited)
Gauntlet (visited)

Altars:
Ashenzari
Cheibriados
Elyvilon
Fedhas
Kikubaaqudgha
Nemelex Xobeh
Okawaru
Ru
Uskayaw
Wu Jian
Xom
Yredelemnul
Zin
The Shining One
Jiyva

Shops:
D:1 [   D:7 !   D:8 *   Orc:2 :?[*![(   Elf:1 [*!   Elf:2 ?   Snake:1 *(
Snake:2 *   Snake:4 [?*   Vaults:1 :   Vaults:4 [

Portals:
Hell: Depths:1 Depths:2 Depths:3
Abyss: Depths:3
Pandemonium: Depths:2
Ziggurat: Depths:1
Trove: D:10 (show slimy rune of Zot)

Annotations:
D:6 Menkaure
Lair:1 3 runed translucent doors, elongatedgoose's ghost, novice HOFi
Slime:5 Royal Jelly
Elf:3 Roxanne

......▒▒▒ ....' ....
.▒▒' .▒ .... ▒ ..▒ ?..
...▒#.e ....#'§ ▒▒▒
.....✱e ▒..∩. .....iT###
▒.....○.▒
.....i;@§#▒▒▒▒....⚑..§.▒
▒⌠..Q.iJ§§§.▒▒..≈.§.≈..▒
▒▒....§§§)......≈§..≈...
▒▒▒....§.......≈§..≈...
▒▒...........≈§..§...
▒▒▒▒...▒...§≈..§≈...
▒▒▒▒▒...§≈..§≈§..
▒......§......
▒..≈≈..§...J≈≈


You could see a walking earthen tome (empowered), an iron troll, 2 spriggan
defenders, a deep elf high priest, a spriggan air mage (repels missiles), a
tengu conjurer (empowered), a living spell (summoned) and a neutral jelly
(petrified) (fellow slime).


Message History

The spriggan defender is burned by acid!
The wall burns the walking earthen tome!
The walking earthen tome hits you!
* * * LOW HITPOINT WARNING * * *
The wall burns the spriggan air mage!
The wall burns the iron troll!
The iron troll bites you!
* * * LOW HITPOINT WARNING * * *
The iron troll completely misses you. The iron troll claws you.
* * * LOW HITPOINT WARNING * * *
The living spell casts itself at you.
The wall burns the living spell!
The living spell casts itself at you.
You feel better.
Storm clouds gather above the living spell.
The spriggan defender hits the jelly with a +1 heavy flail!!
The spriggan defender is burned by acid!
The spriggan air mage waves its arms in wide circles.
The air twists around and strikes you!
* * * LOW HITPOINT WARNING * * *
The wall burns the walking earthen tome!
The walking earthen tome closely misses you.
The wall burns the deep elf high priest!
The living spell is engulfed in a thunderstorm.
You destroy the living spell!
The wall burns the living spell!
Unknown command.
You feel better.
The spriggan defender hits you with a +1 heavy flail!
You die...
Xom is highly amused!

Skill      XL: |  1  2  3  4  5  6  7  8  9 10 11 12 13 14 15 16 17 18 19 20 21 22 23 24 |
---------------+-------------------------------------------------------------------------+-----
Dodging        | 3 4 5 7 8 10 12 15 17 19 21 23 24 25 26 27 | 27.0
Polearms       | 5 6 7 9 11 13 15 16 20 24 25 27 | 27.0
Fighting       | 6 10 13 15 17 18 19 20 21 22 24 25 27 | 27.0
Armour         | 1 2 5 8 9 10 12 13 | 13.3
Evocations     | 6 9 10 13 | 13.5

Action                     |  1- 3 |  4- 6 |  7- 9 | 10-12 | 13-15 | 16-18 | 19-21 | 22-24 | 25-27 || total
---------------------------+-------+-------+-------+-------+-------+-------+-------+-------+-------++-------
  Melee: Spear             |   129 |   121 |       |       |       |       |       |       |       ||   250
         Punch             |       |     1 |       |       |       |       |       |       |       ||     1
         Halberd           |       |    45 |   278 |   577 |  1115 |   113 |       |       |       ||  2128
         Headbutt          |       |       |    24 |     8 |    49 |    46 |       |   328 |    11 ||   466
         Tailslap          |       |       |       |       |     1 |     1 |       |       |       ||     2
         Bardiche          |       |       |       |       |       |  1120 |  1505 |  1756 |    39 ||  4420
 Invoke: Oozemancy         |       |       |       |       |       |       |       |       |     1 ||     1
  Evoke: Wand              |       |     1 |     1 |    15 |    16 |       |       |     3 |       ||    36
         Phantom mirror    |       |       |       |       |     1 |     1 |       |     3 |       ||     5
         Lightning rod     |       |       |       |       |     4 |       |    11 |     9 |       ||    24
         Condenser vane    |       |       |       |       |     1 |     1 |     2 |     3 |       ||     7
         Box of beasts     |       |       |       |       |       |       |       |     2 |       ||     2
    Use: Scroll            |     1 |     9 |     9 |     9 |     9 |    12 |    16 |    16 |     1 ||    82
         Potion            |       |     2 |     3 |     5 |     9 |     4 |    10 |     8 |     4 ||    45
   Stab: Paralysed         |     2 |     3 |     2 |     6 |       |     3 |       |       |       ||    16
         Sleeping          |     1 |     1 |     1 |     1 |     4 |     9 |     5 |     5 |       ||    27
         Petrifying        |       |     4 |       |     1 |     1 |       |       |       |       ||     6
         Petrified         |       |       |     2 |       |       |       |       |       |       ||     2
         Confused          |       |       |       |     1 |     4 |     4 |     2 |    39 |       ||    50
         Distracted        |       |       |       |       |     3 |     7 |    16 |     4 |       ||    30
         Invisible         |       |       |       |       |       |     6 |     1 |       |       ||     7
 Armour: Leather armour    |    63 |    74 |   137 |       |       |       |       |       |       ||   274
         Steam dragon scal |       |       |       |   157 |    99 |       |       |       |       ||   256
         Robe              |       |       |       |       |   175 |   276 |   304 |   360 |    50 ||  1165
  Dodge: Dodged            |    53 |    86 |   263 |   389 |  1122 |  1084 |  1354 |  1435 |    25 ||  5811
  Block: Other             |       |       |       |       |       |   197 |   209 |   244 |     5 ||   655
         Reflection        |       |       |       |       |       |    52 |    18 |     5 |       ||    75

Levels and vault maps discovered:
D:1:      psy_arrival_spokes, layout_loops_ring, serial_shops, shop,
          serial_glass, glass_columns_a, glass_columns_c
D:2:      layout_rooms
D:3:      layout_loops_corners, moated_statue, nrook_loot_triangle
D:4:      layout_loops_cross, mainiacjoe_overflow_large_starburst
D:5:      minmay_razor_zed, layout_loops_ring, minmay_temple_entry_slanted
D:6:      layout_gridville, corexii_leaking_fountain, minmay_microvault,
          uniq_menkaure
D:7:      layout_rooms, serial_shops, shop, enter_bailey_4, uniq_maggie
D:8:      layout_layer_cave, serial_shops, nicolae_shop_tiny_waterfront,
          minmay_door_square, chequers_big_river, uniq_maurice, uniq_psyche,
          uniq_erica
D:9:      layout_irregular_city, minitemple
D:10:     layout_irregular_city, grunt_lair_entry_orc_guard_hut, enter_trove_3
D:11:     minmay_the_grid_octo_triangle [minmay_the_grid_octo_pinwheel,
          minmay_the_grid_octo_prize_square_snowflake,
          minmay_the_grid_octo_fat_diamond], layout_rooms,
          minmay_orc_entry_temple_small, nicolae_ru_sacrificial_ziggurat
D:12:     layout_roguey
D:13:     layout_irregular_city, gauntlet_entry_generic, billiards_dpeg
D:14:     minmay_tearing_corner, layout_irregular_city,
          grunt_vaults_entry_fortified, minmay_crystal_room,
          minmay_ruined_shrine
D:15:     gammafunk_depths_entry_grave, layout_basic, minmay_misc_feat_tower,
          lemuel_flamethrower_3
Lair:1:   layout_small_grid, maelrawn_ghost_gauntlet_escape, serial_forest,
          infiniplex_forest_end_1, infiniplex_forest_lined_room_2,
          infiniplex_forest_clump_medium, infiniplex_forest_clump_curved,
          lemuel_fruit_fields
Lair:2:   layout_chaotic_city, infiniplex_staircase_pool
Lair:3:   layout_layer_cave, nicolae_swamp_entry_splash_gauntlet,
          nicolae_snake_entry_squirm, portal_ice_cave_rime,
          chequers_serial_rivers_small_a
Lair:4:   layout_regular_city, lemuel_fruit_fields, serial_bayou_shore_b
Lair:5:   minmay_lair_end_frog_pond, layout_loops_ring, slime_entry_1
Swamp:1:  layout_basic_swamp, serial_swamp_ruin, evilmike_swamp_ruin_rubble_1,
          evilmike_swamp_ruin_house_5, swamp_pool5
Swamp:2:  cheibrodos_swamp_tower_of_moss, layout_basic_swamp,
          nicolae_swamp_rocky_clearing, uniq_louise
Swamp:3:  layout_falls_marsh, evilmike_swamp_ruin_house_2,
          infiniplex_staircase_pool_2
Swamp:4:  swamp_old_school, layout_basic_swamp
Snake:1:  layout_basic, nicolae_snake_guarding_the_ruins, lemuel_fruit_tree,
          minmay_shoptagon, grunt_megastairs_4
Snake:2:  layout_chambers, nicolae_take_the_stairs
Snake:3:  cheibrodos_snake_ritualist_ritual, layout_rooms, drop_trap,
          uniq_agnes, uniq_aizul
Snake:4:  grunt_snake_rune_spirals, layout_onion, special_room,
          nicolae_snake_serpentine_bazaar
Slime:1:  layout_caves
Slime:2:  layout_caves
Slime:3:  layout_caves, nicolae_slime_getting_an_eyeful
Slime:4:  layout_caves, nicolae_slime_rock_hall_of_fame
Slime:5:  slime_pit_nicolae_block_by_block
Orc:1:    layout_diamond_mine
Orc:2:    st_orc_rangers, layout_caves, serial_shops, shop, shop, shop
Elf:1:    nicolae_elf_arrival_fired_up, layout_gridlike, serial_shops,
          nicolae_shop_dealshenge, hangedman_corner_corridor, minmay_shop_star,
          uniq_donald
Elf:2:    nicolae_elf_blades_crystal_corner, layout_geoelf_grid, serial_shops,
          shop, portal_desolation_entry_holy_temple, grunt_ministairs_4
Elf:3:    elf_hall_gauntlet_narrow, layout_geoelf_grid,
          nicolae_elf_crossing_hall, uniq_roxanne
Vaults:1: vaults_mumra_minichess_inversion, nicolae_vaults_shrinking_rooms_1,
          hangedman_vaults_corner, v_pattern_4,
          nicolae_vaults_shrinking_rooms_2, ontoclasm_vaults_tryst,
          nicolae_vaults_octothorpe, v_misc_22, nicolae_vaults_house_1,
          nicolae_vaults_lightning_bolt, nicolae_vaults_shipping_containers_3,
          v_misc_18, vaults_dpeg_ring, layout_vaults_big_cross, serial_shops,
          nicolae_shop_tiny_glass
Vaults:2: v_pattern_2, nicolae_vaults_asterisk, ontoclasm_vaults_fault,
          nicolae_vaults_rhombus_7, serial_ice_h, vaults_room_pools,
          nicolae_vaults_six-pack, layout_vaults_omnibox
Vaults:3: door_vault, hangedman_vaults_slice, nicolae_vaults_heart-shaped_vault,
          nicolae_vaults_tetromino_T_2, nicolae_vaults_two_Ls,
          nicolae_vaults_apartment_1, nicolae_vaults_tangram_1,
          minmay_crypt_entry_skeletal_spiral, nicolae_vaults_tetromino_T_2,
          nicolae_vaults_network_periphery, nicolae_vaults_gold_heap,
          layout_vaults_omnigrid
Vaults:4: nicolae_vaults_little_squares_1, vaults_dpeg_encased_lava,
          nicolae_vaults_tangram_2, nicolae_vaults_off_center_swirl,
          nicolae_vaults_sightless_eye, v_misc_16, vaults_room_grid,
          nicolae_vaults_diamond_2, nicolae_vaults_closet_pinwheel_1,
          dpeg_vaults_monster_box, ontoclasm_vaults_chip, layout_vaults_ring,
          uniq_mara
Crypt:1:  layout_basic, uniq_mennas
Crypt:2:  layout_basic, nicolae_danse_macabre, uniq_bai_suzhen
Crypt:3:  evilmike_haunted_forest
Depths:1: layout_twisted_cross, enter_ziggurat_a, lightli_too_deep,
          kennysheep_flooded_box, kennysheep_generic_room_10
Depths:2: minmay_guarded_unrand_majin_bo, layout_basic,
          pf_vacation_house_of_asmodeus, grunt_pan_entry_sceptre,
          minmay_misc_feat_room, minmay_staircase_windowed_large, uniq_vv
Depths:3: grunt_profane_halls [grunt_profane_temple_geh,
          grunt_profane_temple_tar, grunt_profane_temple_coc,
          grunt_profane_temple_dis, grunt_profane_loot], hell_entry, abyss_entry

Notes
Turn   | Place    | Note
-------+----------+-------------------------------------------
     0 | D:1      | demibob the Merfolk Chaos Knight began the quest for the
                  | Orb.
     0 | D:1      | Reached XP level 1. HP: 18/18 MP: 1/1
   104 | D:1      | Reached skill level 3 in Dodging
   114 | D:1      | Reached XP level 2. HP: 23/24 MP: 2/2
   299 | D:1      | Found Asaptita's Antique Armour Shop.
   413 | D:1      | Reached XP level 3. HP: 25/29 MP: 3/3
   495 | D:1      | XOM: divination: magic mapping
   737 | D:2      | Reached skill level 5 in Polearms
   737 | D:2      | Reached skill level 4 in Dodging
   919 | D:2      | XOM: divination: magic mapping
   976 | D:2      | Reached XP level 4. HP: 25/35 MP: 4/4
  1548 | D:3      | XOM: noise
  1680 | D:3      | XOM: noise
  1794 | D:3      | XOM: god gift: book of Storms
  2013 | D:3      | Reached skill level 5 in Dodging
  2421 | D:3      | Reached skill level 6 in Polearms
  2421 | D:3      | Reached XP level 5. HP: 41/41 MP: 5/5
  2506 | D:4      | Reached XP level 6. HP: 32/47 MP: 6/6
  2520 | D:4      | XOM: 3-stop teleportation journey
  2578 | D:4      | XOM: god gift: halberd {god gift}
  2642 | D:4      | Reached skill level 7 in Polearms
  2642 | D:4      | Reached skill level 6 in Dodging
  2737 | D:4      | Found a basalt altar of Yredelemnul.
  2789 | D:4      | Found a snail-covered altar of Cheibriados.
  2817 | D:4      | XOM: give mutations
  2817 | D:4      | Gained mutation: Your magical capacity is low. (-10% MP)
                  | [Xom's mischief]
  2817 | D:4      | Gained mutation: You expend magic power (3 MP) to
                  | strengthen your wands. [Xom's mischief]
  3128 | D:5      | Entered Level 5 of the Dungeon
  3206 | D:5      | Found a staircase to the Ecumenical Temple.
  3258 | D:5      | Noticed a black bear
  3265 | D:5      | Killed a black bear
  3266 | D:5      | Reached skill level 7 in Dodging
  3266 | D:5      | Reached XP level 7. HP: 52/52 MP: 2/6
  3445 | D:5      | Reached skill level 8 in Polearms
  3589 | D:5      | Reached skill level 8 in Dodging
  3711 | D:5      | XOM: silly message
  3714 | D:5      | Reached skill level 9 in Polearms
  3714 | D:5      | Reached XP level 8. HP: 31/58 MP: 7/7
  3854 | D:5      | Reached skill level 9 in Dodging
  4172 | D:5      | XOM: destruction
  4192 | D:5      | XOM: give mutations
  4192 | D:5      | Gained mutation: You occasionally lose the ability to drink
                  | potions when taking damage. [Xom's mischief]
  4192 | D:5      | Gained mutation: You sometimes lose your temper in combat.
                  | [Xom's mischief]
  4192 | D:5      | Lost mutation: You sometimes lose your temper in combat.
                  | [Xom's mischief]
  4210 | D:5      | Reached skill level 10 in Polearms
  4235 | D:5      | XOM: noise
  4296 | D:5      | XOM: torment (19/58 hp)
  4455 | D:5      | Lost mutation: Your magical capacity is low. (-10% MP)
                  | [potion of mutation]
  4455 | D:5      | Lost mutation: You expend magic power (3 MP) to strengthen
                  | your wands. [potion of mutation]
  4455 | D:5      | Gained mutation: You have a pair of small horns on your
                  | head. [potion of mutation]
  4455 | D:5      | Gained mutation: Your muscles are strong. (Str +4, Int/Dex
                  | -1) [potion of mutation]
  4619 | D:6      | Noticed Menkaure
  4780 | D:6      | XOM: 5-stop teleportation journey
  4782 | D:6      | Noticed a yak
  4783 | D:6      | Noticed a yak
  4786 | D:6      | Noticed a yak
  4787 | D:6      | XOM: noise
  4796 | D:6      | Noticed a yak
  4798 | D:6      | Killed a yak
  4799 | D:6      | Reached skill level 10 in Dodging
  4802 | D:6      | Killed a yak
  4806 | D:6      | Killed a yak
  4807 | D:6      | Reached skill level 11 in Polearms
  4807 | D:6      | Reached XP level 9. HP: 53/64 MP: 9/9
  4808 | D:6      | Reached skill level 11 in Dodging
  5028 | D:6      | Noticed a troll
  5036 | D:6      | Killed a troll
  5241 | D:6      | Reached skill level 12 in Polearms
  5525 | D:7      | XOM: summons 3 hostile shadow creatures
  5565 | D:7      | XOM: cast spell 'Metabolic Englaciation'
  5579 | D:7      | Reached skill level 12 in Dodging
  5579 | D:7      | XOM: chaos upgrade
  5587 | D:7      | XOM: noise
  5605 | D:7      | XOM: summons friendly white imp
  5606 | D:7      | XOM: confusion
  5616 | D:7      | XOM: enchant monster (good)
  5708 | D:7      | Noticed Maggie
  5720 | D:7      | Killed Maggie
  5720 | D:7      | XOM: divine lightning
  5721 | D:7      | Reached skill level 13 in Polearms
  5732 | D:7      | Found a flagged portal.
  5744 | Bailey   | Entered a bailey
  5914 | Bailey   | Reached XP level 10. HP: 70/70 MP: 10/10
  5930 | Bailey   | Reached skill level 13 in Dodging
  6066 | Bailey   | XOM: summons 2 hostile demons
  6157 | Bailey   | Found an iron altar of Okawaru.
  6179 | Bailey   | Identified the +0 leather armour "Sofoluo" {Harm MP+9}
  6201 | Bailey   | XOM: 3-stop teleportation journey
  6234 | Bailey   | XOM: give mutation
  6234 | Bailey   | Gained mutation: You possess an exceptional clarity of
                  | mind. [Xom's mischief]
  6336 | D:7      | Found Dietairoeng's Distillery.
  6341 | D:7      | XOM: give mutations
  6341 | D:7      | Lost mutation: You have a pair of small horns on your head.
                  | [Xom's mischief]
  6341 | D:7      | Gained mutation: You are robust. (+10% HP) [Xom's mischief]
  6341 | D:7      | Gained mutation: Potions are less effective at restoring
                  | your health. [Xom's mischief]
  6351 | D:7      | XOM: summons 1 hostile demon
  6579 | D:8      | Noticed Psyche
  6590 | D:7      | HP: 5/77 [something (4)]
  6858 | D:6      | XOM: give mutation
  6858 | D:6      | Gained mutation: You are agile. (Dex +4, Str/Int -1) [Xom's
                  | mischief]
  6865 | D:6      | Identified a potion of resistance
  6878 | D:7      | Killed Psyche
  7148 | D:8      | Reached skill level 14 in Polearms
  7154 | D:8      | XOM: give mutations
  7154 | D:8      | Gained mutation: Your flesh is cold resistant. (rC+) [Xom's
                  | mischief]
  7154 | D:8      | Gained mutation: Your body sometimes deteriorates upon
                  | taking damage. [Xom's mischief]
  7154 | D:8      | Gained mutation: Your spells are a little harder to cast,
                  | but a little more powerful. [Xom's mischief]
  7342 | D:8      | XOM: noise
  7448 | D:8      | Reached skill level 14 in Dodging
  7608 | D:8      | Noticed Erica
  7611 | D:8      | XOM: scenery: summon butterflies
  7621 | D:8      | Killed Erica
  7624 | D:8      | Noticed Maurice
  7797 | D:8      | Killed Maurice
  7877 | D:8      | Reached skill level 15 in Polearms
  8216 | D:8      | XOM: 1-stop teleportation journey
  8229 | D:8      | Found Qiuf's Assorted Antiques.
  8237 | D:8      | Bought a scroll labelled IGALUCH MUCS for 27 gold pieces
  8679 | D:9      | XOM: summons 2 friendly demons
  8725 | D:9      | Reached skill level 15 in Dodging
  8725 | D:9      | Reached XP level 11. HP: 82/82 MP: 11/11
  8789 | D:9      | Found a white marble altar of Elyvilon.
  8790 | D:9      | Found a broken altar of Ashenzari.
  8790 | D:9      | Found a sparkling altar of Nemelex Xobeh.
  8792 | D:9      | Found a glowing golden altar of the Shining One.
  9307 | D:9      | XOM: chaos upgrade
  9419 | D:10     | Entered Level 10 of the Dungeon
  9440 | D:10     | XOM: summons friendly quasit
  9454 | D:10     | XOM: scenery: 1 doors open
  9474 | D:10     | XOM: noise
  9476 | D:10     | Noticed a two-headed ogre
  9669 | D:10     | Reached skill level 16 in Polearms
  9673 | D:10     | XOM: enchant monster (good)
  9691 | D:10     | Reached skill level 16 in Dodging
  9735 | D:10     | Found a staircase to the Lair.
  9908 | D:10     | Killed a two-headed ogre
 10058 | D:10     | Noticed a two-headed ogre
 10076 | D:10     | Killed a two-headed ogre
 10077 | D:10     | Reached skill level 4 in Fighting
 10324 | D:10     | XOM: chaos cloud
 10328 | D:10     | Reached skill level 5 in Fighting
 10354 | D:10     | Found a portal to a secret trove of treasure.
 10537 | D:10     | XOM: summons 3 hostile demons
 10560 | Lair:1   | Entered Level 1 of the Lair of Beasts
 10564 | Lair:1   | Noticed a minotaur
 10564 | Lair:1   | Noticed elongatedgoose's ghost (novice HOFi)
 10577 | Lair:1   | Found a runed translucent gate.
 10577 | Lair:1   | Found a runed translucent gate.
 10577 | Lair:1   | Found a runed translucent gate.
 10599 | Lair:1   | XOM: stat loss: -1 Str (14/15)
 10621 | Lair:1   | Reached skill level 17 in Dodging
 10636 | Lair:1   | Reached skill level 6 in Fighting
 10645 | Lair:1   | XOM: summons friendly iron imp
 10649 | Lair:1   | XOM: enchant monster (good)
 10669 | Lair:1   | Reached XP level 12. HP: 97/97 MP: 12/12
 10747 | Lair:1   | Reached skill level 7 in Fighting
 11001 | Lair:1   | Noticed a six-headed hydra
 11003 | Lair:1   | a six-headed hydra changed into a shapeshifter
 11003 | Lair:1   | XOM: polymorph six-headed hydra -> shapeshifter
 11169 | Lair:1   | Reached skill level 18 in Dodging
 11317 | Lair:1   | Reached skill level 8 in Fighting
 11948 | Lair:2   | XOM: enchant monster (bad)
 12314 | Lair:2   | XOM: polymorph cane toad -> black mamba
 12340 | Lair:2   | XOM is BORED!
 12343 | Lair:2   | XOM: torment (21/103 hp)
 12511 | Lair:2   | XOM: god gift: +2 bardiche of chaos
 12875 | Lair:2   | XOM: summons 1 hostile demon
 13072 | Lair:3   | Reached skill level 9 in Fighting
 13116 | Lair:3   | Noticed a catoblepas
 13119 | Lair:3   | XOM: divine lightning
 13134 | Lair:3   | Killed a catoblepas
 13136 | Lair:3   | Reached skill level 19 in Dodging
 13158 | Lair:3   | Found a frozen archway.
 13162 | Lair:3   | XOM: summons 1 hostile shadow creature
 13176 | Lair:3   | XOM: confuse monster(s)
 13179 | Lair:3   | Reached skill level 10 in Fighting
 13185 | IceCv    | XOM: stealth player
 13185 | IceCv    | Entered an ice cave
 13345 | IceCv    | Noticed a death yak
 13345 | IceCv    | Noticed a death yak
 13346 | IceCv    | Noticed a death yak
 13360 | IceCv    | Killed a death yak
 13361 | IceCv    | Reached XP level 13. HP: 114/114 MP: 13/13
 13399 | IceCv    | XOM: give mutation
 13399 | IceCv    | Gained mutation: Your spells are harder to cast, but more
                  | powerful. [Xom's mischief]
 13405 | IceCv    | XOM: stat loss: -1 Str (14/15)
 13429 | IceCv    | Reached skill level 11 in Fighting
 13432 | IceCv    | XOM: chaos cloud
 13579 | IceCv    | Reached skill level 20 in Dodging
 13688 | IceCv    | XOM: scenery: summon butterflies
 13695 | IceCv    | Identified a scarf of resistance
 13758 | IceCv    | XOM: blink monster(s)
 13779 | IceCv    | XOM: noise
 13864 | IceCv    | XOM: noise
 13988 | IceCv    | Identified the +5 orcbow of Vezas {flame, rPois Dex-2
                  | Stlth+}
 14095 | IceCv    | Reached skill level 12 in Fighting
 14231 | IceCv    | Identified a +0 crystal plate armour of cold resistance
 14278 | Lair:3   | XOM: noise
 14416 | Lair:3   | Found a staircase to the Snake Pit.
 14600 | Lair:3   | XOM: silly message
 14694 | Lair:3   | XOM: blink monster(s)
 14837 | Lair:3   | Found a staircase to the Swamp.
 15264 | Lair:3   | XOM: silly message
 15447 | Lair:4   | XOM: draining
 15464 | Lair:4   | XOM: scenery: create altars
 15465 | Lair:4   | Reached skill level 21 in Dodging
 15473 | Lair:4   | XOM: summons 3 hostile demons
 15503 | Lair:4   | Reached skill level 13 in Fighting
 15757 | Lair:4   | XOM: blink monster(s)
 15766 | Lair:4   | XOM: give mutations
 15766 | Lair:4   | Gained mutation: You have a pair of small antennae on your
                  | head. [Xom's mischief]
 15766 | Lair:4   | Lost mutation: Your spells are harder to cast, but more
                  | powerful. [Xom's mischief]
 15796 | Lair:4   | XOM: 1-stop teleportation journey
 15843 | Lair:4   | XOM: polymorph basilisk -> polar bear
 15924 | Lair:4   | XOM: chaos cloud
 15925 | Lair:4   | Reached XP level 14. HP: 129/129 MP: 14/14
 16056 | Lair:4   | XOM: summons 1 hostile demon
 16315 | Lair:1   | XOM: give mutations
 16315 | Lair:1   | Lost mutation: Your muscles are strong. (Str +4, Int/Dex
                  | -1) [Xom's mischief]
 16315 | Lair:1   | Lost mutation: You possess an exceptional clarity of mind.
                  | [Xom's mischief]
 16315 | Lair:1   | Gained mutation: You occasionally shout uncontrollably at
                  | your foes. [Xom's mischief]
 16315 | Lair:1   | Lost mutation: You occasionally lose the ability to drink
                  | potions when taking damage. [Xom's mischief]
 16324 | D:10     | XOM: stat loss: -1 Dex (20/21)
 16500 | D:1      | Bought the +3 robe of Clouds {*Thunder rCloud rElec} for
                  | 980 gold pieces
 16500 | D:1      | Found the +3 robe of Clouds {*Thunder rCloud rElec}
 16620 | D:5      | XOM: god gift: great mace {god gift}
 16748 | Lair:3   | XOM: noise
 16775 | Lair:5   | Entered Level 5 of the Lair of Beasts
 16835 | Lair:5   | XOM: silly message
 16868 | Lair:5   | XOM: divination: magic mapping
 16878 | Lair:4   | XOM: divination: magic mapping
 16886 | Lair:4   | XOM: silly message
 17012 | D:11     | Found a staircase to the Orcish Mines.
 17122 | D:11     | XOM is BORED!
 17122 | D:11     | XOM: noise
 17158 | D:11     | XOM: give mutation
 17158 | D:11     | Lost mutation: You are robust. (+10% HP) [Xom's mischief]
 17177 | D:11     | XOM: noise
 17190 | D:11     | Reached skill level 14 in Fighting
 17190 | D:11     | Reached skill level 22 in Dodging
 17223 | D:11     | >>oof
 17567 | D:11     | Identified the ring of Tiniz {Contam rC+ rN+ Dex+6}
 17573 | D:11     | XOM: summons 7 hostile demons
 17605 | D:11     | XOM: fog
 17613 | D:11     | XOM: enchant monster (bad)
 17657 | D:11     | XOM: stat loss: -1 Int (11/12)
 17662 | D:11     | XOM: blink monster(s)
 17941 | D:11     | Found a sacrificial altar of Ru.
 18047 | D:11     | XOM: summons 3 hostile shadow creatures
 18199 | D:11     | Identified the +4 shortbow of Xatused {flame, rC++}
 18361 | D:12     | XOM: polymorph very large slime creature -> swamp worm
 18428 | D:12     | XOM: 1-stop teleportation journey
 18541 | D:12     | XOM: stat loss: -1 Int (11/12)
 18556 | D:12     | XOM: summons 4 hostile demons
 18724 | D:12     | XOM: scenery: 1 doors close
 18848 | D:13     | Found a gate leading to a gauntlet.
 18862 | D:13     | Reached skill level 15 in Fighting
 18866 | Gauntlet | Entered a Gauntlet
 18866 | Gauntlet | Found a transporter.
 18866 | Gauntlet | Found a transporter.
 18949 | Gauntlet | Found a transporter.
 18969 | Gauntlet | Found a transporter.
 18979 | Gauntlet | Found a transporter.
 18979 | Gauntlet | Found a transporter.
 18979 | Gauntlet | Found a transporter.
 18981 | Gauntlet | Found a transporter.
 18981 | Gauntlet | Found a transporter.
 19002 | Gauntlet | Found a transporter.
 19009 | Gauntlet | Found a transporter.
 19019 | Gauntlet | Found a transporter.
 19033 | Gauntlet | Found a transporter.
 19067 | Gauntlet | Found a transporter.
 19135 | Gauntlet | XOM: scenery: summon butterflies
 19156 | Gauntlet | XOM: confusion (+ monsters)
 19159 | Gauntlet | XOM: summons 3 friendly demons
 19186 | Gauntlet | Identified the +1 plate armour "Hejetz" {rElec Int-4
                  | Slay+2}
 19187 | Gauntlet | Identified the +1 hat of the Comet {Str+5 Int+6}
 19218 | Gauntlet | Identified the +9 rapier "Xotzoaru" {freeze, Stlth+}
 19218 | Gauntlet | Identified the ring "Koss" {rElec EV+5 Dex+2}
 19237 | Gauntlet | Identified the +7 halberd "Atoopol" {drain, +Blink Int+2}
 19276 | D:13     | XOM: silly message
 19280 | D:13     | XOM: give mutations
 19280 | D:13     | Lost mutation: You are agile. (Dex +4, Str/Int -1) [Xom's
                  | mischief]
 19280 | D:13     | Lost mutation: You have a pair of small antennae on your
                  | head. [Xom's mischief]
 19280 | D:13     | Gained mutation: You are strong-willed. (Will+) [Xom's
                  | mischief]
 19378 | D:13     | Identified the +3 hand axe "Sarhocza" {freeze, rN+}
 19394 | D:13     | Reached skill level 23 in Dodging
 19494 | D:13     | XOM: confuse monster(s)
 19635 | D:13     | XOM: 1-stop teleportation journey
 19642 | D:13     | Reached XP level 15. HP: 105/129 MP: 15/15
 19731 | D:13     | XOM: give mutation
 19731 | D:13     | Gained mutation: You are agile. (Dex +4, Str/Int -1) [Xom's
                  | grace]
 19836 | D:13     | XOM: god gift: scroll labelled ETWUV SEPEPEI {god gift}
 19840 | D:13     | XOM: fog
 19853 | D:13     | XOM: polymorph boulder beetle -> five-headed hydra
 19864 | D:13     | XOM: stat loss: -1 Int (18/19)
 20167 | D:13     | XOM: stat loss: -1 Int (17/19)
 20228 | D:14     | XOM: polymorph large slime creature -> eye of devastation
 20399 | D:14     | XOM: summons 8 hostile demons
 20479 | D:14     | XOM: blink monster(s)
 20494 | D:14     | Reached skill level 16 in Fighting
 20590 | D:14     | Noticed a tengu reaver
 20595 | D:14     | Killed a tengu reaver
 20607 | D:14     | XOM: give mutations
 20607 | D:14     | Gained mutation: Your skin changes colour to match your
                  | surroundings (Stealth+). [Xom's grace]
 20607 | D:14     | Gained mutation: You possess an exceptional clarity of
                  | mind. [Xom's grace]
 20607 | D:14     | Gained mutation: You have hidden genetic potential. [Xom's
                  | grace]
 20607 | D:14     | Gained mutation: You have a pair of small horns on your
                  | head. [Xom's grace]
 20611 | D:14     | Noticed a tengu reaver
 20619 | D:14     | Killed a tengu reaver
 20625 | D:14     | XOM: give mutations
 20625 | D:14     | Gained mutation: You have great hidden genetic potential.
                  | [Xom's grace]
 20625 | D:14     | Gained mutation: You are partially covered in iridescent
                  | scales. (AC +2) [Xom's grace]
 20625 | D:14     | Gained mutation: You are mostly covered in iridescent
                  | scales. (AC +4) [Xom's grace]
 20625 | D:14     | Gained mutation: You are completely covered in iridescent
                  | scales. (AC +6) [Xom's grace]
 20791 | D:14     | XOM: destruction
 20951 | D:14     | Reached skill level 24 in Dodging
 21028 | D:14     | Noticed a fire giant
 21028 | D:14     | Noticed a frost giant
 21039 | D:14     | Banished a frost giant
 21046 | D:14     | Killed a fire giant
 21285 | D:14     | Paralysed by an orc sorcerer for 5 turns
 21353 | D:14     | Found a gate to the Vaults.
 21356 | D:14     | XOM: give mutations
 21356 | D:14     | Lost mutation: Your flesh is cold resistant. (rC+) [Xom's
                  | mischief]
 21356 | D:14     | Lost mutation: You occasionally shout uncontrollably at
                  | your foes. [Xom's mischief]
 21356 | D:14     | Lost mutation: Potions are less effective at restoring your
                  | health. [Xom's mischief]
 21356 | D:14     | Lost mutation: You are agile. (Dex +4, Str/Int -1) [Xom's
                  | mischief]
 21369 | D:14     | XOM: swap monsters
 21421 | D:14     | Found a shimmering altar of Xom.
 21435 | D:14     | XOM: stat loss: -1 Int (19/20)
 21445 | D:14     | Reached skill level 17 in Fighting
 21499 | D:14     | XOM: noise
 21531 | D:14     | >>yus
 21847 | D:14     | XOM: stat loss: -1 Dex (24/25)
 21977 | D:14     | XOM: noise
 22016 | D:15     | Entered Level 15 of the Dungeon
 22016 | D:15     | Found a staircase to the Depths.
 22171 | D:15     | XOM: destruction
 22176 | D:15     | XOM: enchant monster (good)
 22276 | Orc:1    | Entered Level 1 of the Orcish Mines
 22365 | Orc:2    | Entered Level 2 of the Orcish Mines
 22369 | Orc:2    | XOM: summons friendly white imp
 22386 | Orc:2    | XOM: scenery: summon butterflies
 22393 | Orc:2    | Reached XP level 16. HP: 102/141 MP: 16/16
 22633 | Orc:2    | Found Tupnif's Weapon Shoppe.
 22683 | Orc:2    | Found a staircase to the Elven Halls.
 22711 | Orc:2    | XOM: smoke on damage
 22713 | Orc:2    | Reached skill level 1 in Armour
 22717 | Orc:2    | XOM: fake destruction
 22746 | Orc:2    | Reached skill level 25 in Dodging
 22818 | Orc:2    | XOM: polymorph orc knight -> jumping spider
 22945 | Orc:2    | Found Ryevam's Assorted Antiques.
 22945 | Orc:2    | Found Yrphojif's Distillery.
 22945 | Orc:2    | Found Veosmia's Antique Armour Shop.
 22964 | Orc:2    | Found Curemoqo's Armour Emporium.
 23042 | Orc:2    | Found Bekles's Magic Scroll Shoppe.
 23050 | Orc:2    | Bought a scroll of acquirement for 676 gold pieces
 23104 | Orc:2    | Found Vaum's Book Shoppe.
 23262 | Orc:2    | Gained mutation: You are clumsy. (Dex -2) [mutagenic glow]
 23287 | Orc:2    | Acquired a +0 heavy bardiche
 23302 | Orc:2    | Gained mutation: You are dopey. (Int -2) [mutagenic glow]
 23313 | Orc:2    | Gained mutation: You are very dopey. (Int -4) [mutagenic
                  | glow]
 23526 | Orc:1    | XOM: enchant monster (good)
 23550 | Orc:1    | XOM: destruction
 23698 | Orc:1    | XOM: polymorph ogre -> shapeshifter
 23992 | D:15     | Gained mutation: You expend magic power (3 MP) to
                  | strengthen your wands. [hidden potential]
 24200 | D:15     | Reached skill level 17 in Polearms
 24245 | D:15     | XOM: summons 2 hostile shadow creatures
 24479 | D:15     | XOM: noise
 24501 | D:15     | XOM: give mutations
 24501 | D:15     | Lost mutation: Your skin changes colour to match your
                  | surroundings (Stealth+). [Xom's mischief]
 24501 | D:15     | Lost mutation: You have great hidden genetic potential.
                  | [Xom's mischief]
 24501 | D:15     | Lost mutation: You have a pair of small horns on your head.
                  | [Xom's mischief]
 24501 | D:15     | Lost mutation: You are completely covered in iridescent
                  | scales. (AC +6) [Xom's mischief]
 24729 | Snake:1  | Entered Level 1 of the Snake Pit
 24810 | Lair:1   | XOM: give mutations
 24810 | Lair:1   | Lost mutation: Your spells are a little harder to cast, but
                  | a little more powerful. [Xom's mischief]
 24810 | Lair:1   | Gained mutation: Your system is resistant to poisons.
                  | (rPois) [Xom's mischief]
 24898 | Snake:1  | XOM: scenery: summon butterflies
 25001 | Snake:1  | XOM: noise
 25063 | Snake:1  | XOM: summons friendly quasit
 25122 | Snake:1  | XOM: 1-stop teleportation journey
 25129 | Snake:1  | Reached skill level 18 in Polearms
 25171 | Snake:1  | You fall into a shaft and drop 1 floor!
 25405 | Snake:1  | XOM: enchant monster (bad)
 25418 | Snake:1  | XOM: enchant monster (good)
 25422 | Snake:1  | XOM: summons friendly white imp
 25551 | Snake:1  | XOM: noise
 25564 | Snake:1  | Identified a +2 robe of resistance
 25566 | Snake:1  | Found Vuyski Fynn's Antique Weapon Shoppe.
 25575 | Snake:1  | Found Cyunich's Assorted Antiques.
 25591 | Snake:1  | Bought a scroll of enchant weapon for 270 gold pieces
 25591 | Snake:1  | Bought a scroll of enchant weapon for 270 gold pieces
 25659 | Snake:1  | XOM: torment (73/143 hp)
 25979 | Snake:1  | Reached skill level 19 in Polearms
 25993 | Snake:1  | XOM: noise
 26280 | Snake:2  | XOM: summons friendly quasit
 26287 | Snake:2  | XOM: enchant monster (good)
 26365 | Snake:2  | XOM: summons 7 friendly demons
 26402 | Snake:2  | XOM: destruction
 26403 | Snake:2  | XOM: confuse monster(s)
 26414 | Snake:2  | Reached skill level 20 in Polearms
 26570 | Snake:2  | XOM: scenery: summon butterflies
 26609 | Snake:2  | XOM: god gift: 2 potions of curing
 26627 | Snake:2  | XOM: cast spell 'Disjunction'
 26825 | Snake:2  | Reached XP level 17. HP: 149/149 MP: 17/17
 27063 | Snake:2  | XOM: 6-stop teleportation journey
 27110 | Snake:2  | XOM: summons 3 hostile shadow creatures
 27229 | Snake:2  | XOM: stat loss: -1 Int (15/16)
 27434 | Snake:2  | Found Umnanan's Assorted Antiques.
 27615 | Snake:3  | Noticed Agnes
 27623 | Snake:3  | Killed Agnes
 27634 | Snake:3  | XOM: give mutations
 27634 | Snake:3  | Gained mutation: Your flesh is cold resistant. (rC+) [Xom's
                  | mischief]
 27634 | Snake:3  | Lost mutation: You possess an exceptional clarity of mind.
                  | [Xom's mischief]
 27634 | Snake:3  | Lost mutation: You are very dopey. (Int -4) [Xom's
                  | mischief]
 27635 | Snake:3  | Reached skill level 21 in Polearms
 27745 | Snake:3  | XOM: cleaving
 27746 | Snake:3  | XOM: potion effect (might)
 27755 | Snake:3  | Gained mutation: Your movements are slightly less
                  | encumbered by armour. (ER -2) [hidden potential]
 27755 | Snake:3  | Lost mutation: You have hidden genetic potential. [hidden
                  | potential expressed]
 27827 | Snake:3  | XOM: summons 5 friendly demons
 28260 | Snake:3  | Noticed Aizul
 28280 | Snake:3  | Killed Aizul
 28330 | Snake:3  | XOM: silly message
 28359 | Snake:3  | XOM: silly message
 28477 | Snake:3  | XOM: god gift: 2 potions of cancellation
 28508 | Snake:3  | Reached skill level 22 in Polearms
 28558 | Snake:2  | Bought a potion of might for 76 gold pieces
 28562 | Snake:3  | Upgraded the game from 0.31-a0-750-gfe7b580527 to
                  | 0.31-a0-765-g67fe2935dc
 28580 | Snake:4  | Entered Level 4 of the Snake Pit
 28640 | Snake:4  | XOM: potion effect (might)
 28712 | Snake:4  | XOM: destruction
 28750 | Snake:4  | XOM: fog
 28888 | Snake:4  | XOM: cloud trail
 28915 | Snake:4  | XOM: god gift: wand of light (3)
 28941 | Snake:4  | XOM: scenery: create altars
 28961 | Snake:4  | Reached skill level 23 in Polearms
 29120 | Snake:4  | XOM: give mutation
 29120 | Snake:4  | Gained mutation: Your movements are less encumbered by
                  | armour. (ER -4) [Xom's grace]
 29437 | Snake:4  | Found Ukhoalon's Armour Boutique.
 29437 | Snake:4  | XOM: 1-stop teleportation journey
 29447 | Snake:4  | Found Vonturi's Assorted Antiques.
 29449 | Snake:4  | Found Wastu's Magic Scroll Boutique.
 29487 | Snake:4  | XOM: god gift: 29 gold pieces
 29768 | Snake:4  | XOM: polymorph naga sharpshooter -> shapeshifter
 29788 | Snake:4  | XOM: fake destruction
 29802 | Snake:4  | Reached skill level 24 in Polearms
 29815 | Snake:4  | XOM: give mutations
 29815 | Snake:4  | Lost mutation: Your body sometimes deteriorates upon taking
                  | damage. [Xom's mischief]
 29815 | Snake:4  | Lost mutation: You are strong-willed. (Will+) [Xom's
                  | mischief]
 29885 | Snake:3  | XOM: god gift: 7 stones
 30068 | Snake:4  | Reached skill level 2 in Armour
 30396 | Snake:4  | XOM: silly message
 30404 | Snake:4  | XOM: confusion (+ monsters)
 30416 | Snake:4  | XOM: swap monsters
 30422 | Snake:4  | Reached skill level 18 in Fighting
 30422 | Snake:4  | Reached XP level 18. HP: 124/157 MP: 18/18
 30537 | Snake:4  | XOM: summons 2 friendly demons
 30544 | Snake:4  | Reached skill level 1 in Evocations
 30555 | Snake:4  | Reached skill level 3 in Armour
 30747 | Snake:4  | XOM: silly message
 30784 | Snake:4  | XOM: noise
 30794 | Snake:4  | Reached skill level 2 in Evocations
 30829 | Snake:4  | XOM: scenery: summon butterflies
 30933 | Snake:4  | Got a serpentine rune of Zot
 31055 | Snake:4  | Bought a pair of glowing boots for 127 gold pieces
 31305 | Snake:4  | XOM: give mutations
 31305 | Snake:4  | Gained mutation: You sometimes lose your temper in combat.
                  | [Xom's mischief]
 31305 | Snake:4  | Lost mutation: You are clumsy. (Dex -2) [Xom's mischief]
 31305 | Snake:4  | Lost mutation: Your system is resistant to poisons. (rPois)
                  | [Xom's mischief]
 31584 | Vaults:1 | Entered Level 1 of the Vaults
 31587 | Vaults:1 | XOM: destruction
 31600 | Vaults:1 | Reached skill level 3 in Evocations
 31914 | Vaults:1 | XOM: chaos upgrade
 31924 | Vaults:1 | Reached skill level 4 in Armour
 31986 | Vaults:1 | XOM: 3-stop teleportation journey
 31989 | Vaults:1 | Reached skill level 4 in Evocations
 32095 | Vaults:1 | XOM: silly message
 32149 | Vaults:1 | XOM: smoke on damage
 32323 | Vaults:1 | Found Zaenopt's Book Emporium.
 32397 | Vaults:1 | XOM: give mutation
 32397 | Vaults:1 | Lost mutation: Your flesh is cold resistant. (rC+) [Xom's
                  | mischief]
 32668 | Vaults:1 | XOM: 8-stop teleportation journey
 32738 | Vaults:1 | XOM: give mutations
 32738 | Vaults:1 | Lost mutation: You sometimes lose your temper in combat.
                  | [Xom's mischief]
 32738 | Vaults:1 | Lost mutation: Your movements are less encumbered by
                  | armour. (ER -4) [Xom's mischief]
 32738 | Vaults:1 | Gained mutation: You occasionally shout uncontrollably at
                  | your foes. [Xom's mischief]
 32738 | Vaults:1 | Gained mutation: Armour fits poorly on your strangely
                  | shaped body. [Xom's mischief]
 32745 | Vaults:1 | XOM: noise
 32757 | Vaults:1 | Reached skill level 5 in Evocations
 32848 | Vaults:1 | XOM: confusion
 32854 | Vaults:1 | Reached skill level 5 in Armour
 32899 | Vaults:1 | XOM: stat loss: -1 Int (17/18)
 32971 | Vaults:1 | XOM: chaos upgrade
 32983 | Vaults:1 | XOM: give mutations
 32983 | Vaults:1 | Gained mutation: You are robust. (+10% HP) [Xom's mischief]
 32983 | Vaults:1 | Gained mutation: Your flesh is heat resistant. (rF+) [Xom's
                  | mischief]
 32983 | Vaults:1 | Lost mutation: You are dopey. (Int -2) [Xom's mischief]
 32983 | Vaults:1 | Lost mutation: You are robust. (+10% HP) [Xom's mischief]
 33142 | Vaults:1 | XOM: give mutations
 33142 | Vaults:1 | Gained mutation: You possess an exceptional clarity of
                  | mind. [Xom's mischief]
 33142 | Vaults:1 | Lost mutation: Your movements are slightly less encumbered
                  | by armour. (ER -2) [Xom's mischief]
 33142 | Vaults:1 | Gained mutation: You are strong-willed. (Will+) [Xom's
                  | mischief]
 33196 | Vaults:2 | Reached skill level 19 in Fighting
 33196 | Vaults:2 | XOM: silly message
 33214 | Vaults:2 | XOM: divination: detect items
 33216 | Vaults:2 | Reached skill level 6 in Evocations
 33452 | Vaults:2 | XOM: potion effect (invisibility)
 33506 | Vaults:2 | XOM: divine lightning
 33672 | Vaults:2 | XOM: god gift: stone
 33729 | Vaults:2 | Reached XP level 19. HP: 160/167 MP: 19/19
 33784 | Vaults:2 | XOM: polymorph great orb of eyes -> eight-headed hydra
 33789 | Vaults:2 | XOM: destruction
 33801 | Vaults:2 | XOM: summons friendly chaos spawn
 33804 | Vaults:2 | Reached skill level 6 in Armour
 33904 | Vaults:2 | XOM: summons 13 friendly demons
 33974 | Vaults:2 | XOM: silly message
 33975 | Vaults:2 | Reached skill level 7 in Evocations
 34019 | Vaults:2 | XOM: 6-stop teleportation journey
 34172 | Vaults:2 | XOM: give mutations
 34172 | Vaults:2 | Lost mutation: You are mostly covered in iridescent scales.
                  | (AC +4) [Xom's mischief]
 34172 | Vaults:2 | Gained mutation: You are agile. (Dex +4, Str/Int -1) [Xom's
                  | mischief]
 34172 | Vaults:2 | Gained mutation: You are highly strong-willed. (Will++)
                  | [Xom's mischief]
 34172 | Vaults:2 | Lost mutation: Armour fits poorly on your strangely shaped
                  | body. [Xom's mischief]
 34216 | Vaults:2 | XOM: stat loss: -1 Int (18/19)
 34531 | Vaults:3 | XOM: summons 10 hostile demons
 34537 | Vaults:3 | XOM: cast spell 'Summon Mana Viper'
 34614 | Vaults:3 | XOM is BORED!
 34671 | Vaults:3 | XOM: polymorph entropy weaver -> golden eye
 34739 | Vaults:3 | XOM: cloud trail
 34834 | Vaults:3 | Reached skill level 8 in Evocations
 34882 | Vaults:3 | Found a huge runed gate.
 34882 | Vaults:3 | Found a huge runed gate.
 34882 | Vaults:3 | Found a huge runed gate.
 34883 | Vaults:3 | Found a huge runed gate.
 34883 | Vaults:3 | Found a huge runed gate.
 34883 | Vaults:3 | Found a huge runed gate.
 34885 | Vaults:3 | Found a huge runed gate.
 34885 | Vaults:3 | Found a huge runed gate.
 34886 | Vaults:3 | Found a huge runed gate.
 34886 | Vaults:3 | Found a huge runed gate.
 34886 | Vaults:3 | Found a huge runed gate.
 34886 | Vaults:3 | Found a huge runed gate.
 34886 | Vaults:3 | Found a huge runed gate.
 34887 | Vaults:3 | Found a huge runed gate.
 34888 | Vaults:3 | Found a huge runed gate.
 34889 | Vaults:3 | Found a huge runed gate.
 34890 | Vaults:3 | Found a huge runed gate.
 34927 | Vaults:3 | Found a huge runed gate.
 34927 | Vaults:3 | Found a huge runed gate.
 34927 | Vaults:3 | Found a huge runed gate.
 34927 | Vaults:3 | Found a huge runed gate.
 34927 | Vaults:3 | Found a huge runed gate.
 34927 | Vaults:3 | Found a huge runed gate.
 34928 | Vaults:3 | Found a huge runed gate.
 34929 | Vaults:3 | Found a huge runed gate.
 34930 | Vaults:3 | Found a huge runed gate.
 35072 | Vaults:3 | XOM: 2-stop teleportation journey
 35141 | Vaults:3 | XOM: divination: detect creatures
 35222 | Vaults:3 | Reached skill level 7 in Armour
 35393 | Vaults:3 | Found a huge runed gate.
 35394 | Vaults:3 | Found a huge runed gate.
 35402 | Vaults:3 | Found a huge runed gate.
 35402 | Vaults:3 | Found a huge runed gate.
 35402 | Vaults:3 | Found a huge runed gate.
 35402 | Vaults:3 | Found a huge runed gate.
 35402 | Vaults:3 | Found a huge runed gate.
 35402 | Vaults:3 | Found a huge runed gate.
 35403 | Vaults:3 | Found a huge runed gate.
 35404 | Vaults:3 | Found a huge runed gate.
 35444 | Vaults:3 | XOM: cast spell 'Metabolic Englaciation'
 35693 | Vaults:3 | Reached skill level 20 in Fighting
 35722 | Vaults:3 | XOM: enchant monster (bad)
 35724 | Vaults:3 | XOM: divine lightning
 35782 | Vaults:3 | XOM: silly message
 35806 | Vaults:3 | XOM: give mutations
 35806 | Vaults:3 | Lost mutation: You occasionally shout uncontrollably at
                  | your foes. [Xom's mischief]
 35806 | Vaults:3 | Lost mutation: You are partially covered in iridescent
                  | scales. (AC +2) [Xom's mischief]
 35806 | Vaults:3 | Gained mutation: You are vulnerable to cold. (rC-) [Xom's
                  | mischief]
 35825 | Vaults:3 | Found a staircase to the Crypt.
 36008 | Vaults:3 | XOM: stat loss: -1 Dex (24/25)
 36158 | Vaults:3 | Reached skill level 9 in Evocations
 36289 | Vaults:3 | Noticed an ancient lich
 36621 | Vaults:3 | Killed an ancient lich
 36662 | Vaults:3 | Identified the ring of Viuky Wilou {rElec rCorr Int+6}
 36666 | Vaults:3 | XOM: stat loss: -1 Int (18/19)
 36693 | Vaults:3 | Identified the +4 ring mail of the Enchanted Forest {rC+}
 36937 | Vaults:4 | Reached skill level 8 in Armour
 36938 | Vaults:4 | Reached XP level 20. HP: 178/178 MP: 20/20
 37079 | Vaults:4 | Found Oguyzxuz's Armour Shoppe.
 37249 | Vaults:4 | Reached skill level 10 in Evocations
 37274 | Vaults:4 | XOM: torment (90/178 hp)
 37484 | Vaults:4 | Noticed Mara
 37487 | Vaults:4 | Noticed demibob's illusion
 37500 | Vaults:4 | Paralysed by a formless jellyfish for 1 turns
 37501 | Vaults:4 | HP: 16/166 [demibob's illusion (illusionary)[Mara] (40)]
 37501 | Vaults:4 | HP: 6/155 [demibob's illusion (illusionary)[Mara] (10)]
 37507 | Vaults:4 | Killed Mara
 38083 | Vaults:4 | XOM: 1-stop teleportation journey
 38202 | Vaults:4 | Reached skill level 21 in Fighting
 38375 | Vaults:4 | XOM: 3-stop teleportation journey
 38411 | Vaults:4 | Reached skill level 9 in Armour
 38843 | Vaults:4 | XOM: draining
 38977 | Vaults:4 | XOM: repel stairs
 38980 | Vaults:4 | XOM: fog
 39425 | D:12     | XOM: scenery: 1 doors close
 39508 | Elf:1    | XOM: noise
 39508 | Elf:1    | Entered Level 1 of the Elven Halls
 39517 | Elf:1    | XOM: polymorph deep elf pyromancer -> glowing orange brain
 39563 | Elf:1    | XOM: noise
 39613 | Elf:1    | XOM: swap monsters
 39720 | Elf:1    | XOM: blink monster(s)
 39731 | Elf:1    | XOM: polymorph deep elf pyromancer -> orb spider
 39748 | Elf:1    | XOM: blink monster(s)
 39757 | Elf:1    | XOM: smoke on damage
 40067 | Elf:1    | XOM: stat loss: -1 Dex (24/25)
 40090 | Elf:1    | Found Zelunt's Antique Armour Shop.
 40244 | Elf:1    | XOM: cloud trail
 40387 | Elf:1    | Noticed Donald
 40410 | Elf:1    | Killed Donald
 40485 | Elf:1    | Identified the +3 lajatang "Beetlebane" {freeze, rElec
                  | rPois MP+9 Int+3}
 40596 | Elf:1    | Found Gar Lin's Distillery.
 40601 | Elf:1    | Found Fuxt's Assorted Antiques.
 40853 | Elf:2    | XOM: noise
 40914 | Elf:2    | Reached XP level 21. HP: 188/188 MP: 21/21
 40973 | Elf:2    | XOM: fog
 41000 | Elf:2    | Found a white marble altar of Elyvilon.
 41000 | Elf:2    | Found a glowing golden altar of the Shining One.
 41002 | Elf:2    | Found a crumbling gateway.
 41016 | Elf:2    | Found Hezoj's Magic Scroll Emporium.
 41054 | Elf:2    | Found a glowing silver altar of Zin.
 41201 | Desolati | Entered the Desolation of Salt
 41343 | Elf:2    | XOM: confuse monster(s)
 41360 | Elf:2    | XOM: confuse monster(s)
 41578 | Elf:2    | XOM: 1-stop teleportation journey
 41584 | Elf:2    | XOM: potion effect (might)
 41594 | Elf:2    | Reached skill level 22 in Fighting
 41594 | Elf:2    | Found a runed translucent gate.
 41594 | Elf:2    | Found a runed translucent gate.
 41594 | Elf:2    | Found a runed translucent gate.
 41753 | Elf:2    | XOM: god gift: 20 gold pieces
 41835 | Elf:2    | XOM: 1-stop teleportation journey
 41836 | Elf:2    | XOM: polymorph deep elf zephyrmancer -> swamp dragon
 42000 | Elf:3    | Entered Level 3 of the Elven Halls
 42009 | Elf:3    | XOM: polymorph deep elf knight -> fire dragon
 42210 | Elf:3    | XOM: torment (88/189 hp)
 42434 | Elf:2    | XOM: 1-stop teleportation journey
 42462 | Elf:2    | XOM: noise
 42976 | Snake:4  | Bought a scroll of acquirement for 884 gold pieces
 42976 | Snake:4  | Acquired 776 gold pieces
 43212 | Orc:2    | XOM: give mutations
 43212 | Orc:2    | Lost mutation: You expend magic power (3 MP) to strengthen
                  | your wands. [Xom's mischief]
 43212 | Orc:2    | Gained mutation: You have hidden genetic defects. [Xom's
                  | mischief]
 43212 | Orc:2    | Gained mutation: Potions are less effective at restoring
                  | your health. [Xom's mischief]
 43212 | Orc:2    | Lost mutation: You are highly strong-willed. (Will++)
                  | [Xom's mischief]
 43342 | Lair:5   | XOM: 5-stop teleportation journey
 43349 | Lair:5   | XOM: 1-stop teleportation journey
 43369 | Lair:5   | XOM: summons 8 hostile demons
 43370 | Lair:5   | XOM: smoke on damage
 43514 | Lair:5   | Reached skill level 26 in Dodging
 43591 | Lair:5   | Reached skill level 25 in Polearms
 43838 | Lair:5   | XOM: summons 1 hostile demon
 43853 | Lair:5   | XOM: swap monsters
 43914 | Lair:5   | Found a viscous altar of Jiyva.
 43914 | Lair:5   | Found a staircase to the Slime Pits.
 44272 | Lair:5   | Fell from the grace of Xom
 44272 | Lair:5   | Became a worshipper of Jiyva Jups the Shapeless
 44575 | Elf:3    | Noticed Roxanne
 45017 | Elf:3    | Gained mutation: You are weak. (Str -2) [hidden defects]
 45781 | Elf:3    | Identified a +2 crystal plate armour
 45781 | Elf:3    | Identified the ring "Lyant" {Fire *Corrode rN+ Slay+2 SInv}
 45782 | Elf:3    | Identified the ring "Gimaamye" {rF+ Dex+6}
 45838 | Elf:3    | XOM: summons 3 hostile shadow creatures
 45844 | Elf:3    | Paralysed by an air elemental for 1 turns
 46121 | Elf:3    | Identified the ring "Xuabroank" {Ice Will+}
 46507 | Elf:3    | Identified the amulet "Coypan" {RegenMP rF+ Dex+3}
 46516 | Elf:3    | Identified the ring of the Tormentor {+Blink rCorr Str+6
                  | Int+3}
 46541 | Elf:3    | Gained mutation: You are occasionally teleported next to
                  | monsters. [hidden defects]
 46541 | Elf:3    | Lost mutation: You have hidden genetic defects. [hidden
                  | defects expressed]
 46599 | Elf:3    | XOM: noise
 47446 | Swamp:1  | Entered Level 1 of the Swamp
 47516 | Swamp:1  | Reached * piety under Jiyva
 47635 | Swamp:1  | Reached XP level 22. HP: 198/198 MP: 22/22
 47894 | Swamp:1  | Reached skill level 23 in Fighting
 47950 | Swamp:1  | Reached ** piety under Jiyva
 48165 | Swamp:2  | XOM: swap monsters
 48207 | Swamp:2  | Noticed Louise
 48573 | Swamp:3  | Reached skill level 26 in Polearms
 48594 | Swamp:3  | Killed Louise
 48595 | Swamp:3  | Reached skill level 27 in Dodging
 48603 | Swamp:3  | Identified the +7 short sword of Athukle {heavy, Str+6}
 48935 | Swamp:3  | Reached *** piety under Jiyva
 49096 | Swamp:4  | Entered Level 4 of the Swamp
 49096 | Swamp:4  | Lost mutation: You are weak. (Str -2) [Jiyva's grace]
 49096 | Swamp:4  | Lost mutation: Potions are less effective at restoring your
                  | health. [Jiyva's grace]
 49096 | Swamp:4  | Lost mutation: You are vulnerable to cold. (rC-) [Jiyva's
                  | grace]
 49096 | Swamp:4  | Gained mutation: Your body has grown eyes which may confuse
                  | attackers. (Acc +3) [Jiyva's grace]
 49096 | Swamp:4  | Gained mutation: Your body has grown many eyes which may
                  | confuse attackers. (Acc +5) [Jiyva's grace]
 49096 | Swamp:4  | Gained mutation: Your body is covered in eyes which may
                  | confuse attackers. (Acc +7, SInv) [Jiyva's grace]
 49096 | Swamp:4  | Gained mutation: Your mind is acute. (Int +4, Str/Dex -1)
                  | [Jiyva's grace]
 49340 | Swamp:4  | XOM: noise
 49413 | Swamp:4  | Got a decaying rune of Zot
 49425 | Swamp:4  | Noticed the 27-headed Lernaean hydra
 49485 | Swamp:4  | XOM: silly message
 49545 | Swamp:4  | Reached **** piety under Jiyva
 49602 | Swamp:4  | Killed the 27-headed Lernaean hydra
 50057 | Elf:1    | XOM: silly message
 50131 | Elf:2    | Bought a scroll of brand weapon for 142 gold pieces
 50131 | Elf:2    | Bought a scroll of teleportation for 45 gold pieces
 50131 | Elf:2    | Bought 3 scrolls of teleportation for 135 gold pieces
 50131 | Elf:2    | Bought a scroll of blinking for 112 gold pieces
 50513 | Crypt:1  | Entered Level 1 of the Crypt
 50529 | Crypt:1  | Reached skill level 10 in Armour
 50532 | Crypt:1  | Noticed Mennas
 50545 | Crypt:1  | Killed Mennas
 50713 | Crypt:1  | Noticed a curse skull
 50719 | Crypt:1  | Killed a curse skull
 50898 | Crypt:1  | XOM: noise
 50919 | Crypt:1  | Reached skill level 24 in Fighting
 51223 | Crypt:1  | Reached skill level 27 in Polearms
 51421 | Crypt:2  | Reached XP level 23. HP: 209/209 MP: 23/23
 51513 | Crypt:2  | XOM: 3-stop teleportation journey
 51667 | Crypt:2  | Noticed a curse skull
 51674 | Crypt:2  | Killed a curse skull
 51776 | Crypt:2  | Noticed Bai Suzhen
 51785 | Crypt:2  | Killed Bai Suzhen
 51875 | Crypt:2  | Lost mutation: You possess an exceptional clarity of mind.
                  | [Jiyva's grace]
 51875 | Crypt:2  | Lost mutation: Your flesh is heat resistant. (rF+) [Jiyva's
                  | grace]
 51875 | Crypt:2  | Lost mutation: You are strong-willed. (Will+) [Jiyva's
                  | grace]
 51875 | Crypt:2  | Lost mutation: You are occasionally teleported next to
                  | monsters. [Jiyva's grace]
 51875 | Crypt:2  | Lost mutation: Your body is covered in eyes which may
                  | confuse attackers. (Acc +7, SInv) [Jiyva's grace]
 51875 | Crypt:2  | Gained mutation: You are covered in slimy tendrils that may
                  | disarm your opponents. [Jiyva's grace]
 51875 | Crypt:2  | Gained mutation: You have a pair of small horns on your
                  | head. [Jiyva's grace]
 51875 | Crypt:2  | Gained mutation: You have a pair of horns on your head.
                  | [Jiyva's grace]
 51875 | Crypt:2  | Gained mutation: You have a pair of large horns on your
                  | head. [Jiyva's grace]
 51913 | Crypt:2  | Found a hide-covered altar of Uskayaw.
 52062 | Crypt:2  | XOM: polymorph jelly -> worm
 52235 | Crypt:2  | Reached skill level 11 in Armour
 52436 | Crypt:3  | Entered Level 3 of the Crypt
 52555 | Crypt:3  | Reached ***** piety under Jiyva
 53035 | Crypt:3  | Identified the amulet of Life {rC+ Regen+ Stlth+}
 53490 | Crypt:3  | Found an ancient bone altar of Kikubaaqudgha.
 53636 | Crypt:3  | XOM: noise
 53651 | Crypt:3  | Got the Anthology of Zombies
 53673 | Crypt:3  | Noticed a dread lich
 53673 | Crypt:3  | Noticed an ancient lich
 53694 | Crypt:3  | Killed an ancient lich
 53695 | Crypt:3  | Reached skill level 25 in Fighting
 53696 | Crypt:3  | Paralysed by something for 5 turns
 53707 | Crypt:3  | Killed a dread lich
 53708 | Crypt:3  | Reached skill level 12 in Armour
 53764 | Crypt:3  | Got the Textbook on Disgusting Congelation
 53768 | Crypt:3  | XOM: polymorph jelly -> river rat
 53837 | Crypt:3  | XOM: noise
 53988 | Crypt:3  | Found a staircase to the Tomb.
 54072 | Crypt:3  | Noticed a curse skull
 54082 | Crypt:3  | Killed a curse skull
 54085 | Crypt:3  | Noticed a curse skull
 54099 | Crypt:3  | Killed a curse skull
 54249 | Crypt:3  | Found the +8 Vampire's Tooth {megavamp}
 54454 | Vaults:3 | XOM: give mutations
 54454 | Vaults:3 | Gained mutation: Your body sometimes deteriorates upon
                  | taking damage. [Xom's mischief]
 54454 | Vaults:3 | Lost mutation: You are covered in slimy tendrils that may
                  | disarm your opponents. [Xom's mischief]
 54454 | Vaults:3 | Lost mutation: You have a pair of large horns on your head.
                  | [Xom's mischief]
 54577 | Depths:1 | Entered Level 1 of the Depths
 54697 | Depths:1 | Found a one-way gateway to a ziggurat.
 55090 | Depths:1 | Found a gateway to Hell.
 55113 | Depths:1 | Identified a +0 crystal plate armour
 55220 | Depths:1 | Reached XP level 24. HP: 221/221 MP: 23/23
 55383 | Abyss:4  | Cast into level 4 of the Abyss (Xom)
 55386 | Abyss:4  | Found a corrupted altar of Lugonu.
 55527 | Abyss:4  | Reached skill level 13 in Armour
 55532 | Abyss:5  | Reached ****** piety under Jiyva
 55592 | Depths:1 | You pass through the gate.
 55592 | Depths:1 | Escaped the Abyss
 55850 | Slime:1  | Entered Level 1 of the Pits of Slime
 55858 | Slime:3  | XOM: noise
 55889 | Slime:5  | Entered Level 5 of the Pits of Slime
 56039 | Slime:5  | Noticed the Royal Jelly
 56040 | Slime:5  | Found a viscous altar of Jiyva.
 56056 | Slime:5  | Identified the ring of the King {rElec rPois rF- rN+ Dex+6}
 56117 | Slime:5  | XOM: polymorph great orb of eyes -> bunyip
 56632 | Slime:5  | Identified the +5 scale mail of Wu Jian's Esteem {+Inv}
 56636 | Slime:5  | Got a slimy rune of Zot
 56641 | Slime:5  | Identified the +4 battleaxe of Argho {antimagic, Str+7
                  | Dex-4}
 56864 | Lair:3   | XOM: give mutations
 56864 | Lair:3   | Lost mutation: You have a pair of horns on your head.
                  | [Xom's mischief]
 56864 | Lair:3   | Gained mutation: Your flesh is heat resistant. (rF+) [Xom's
                  | mischief]
 56864 | Lair:3   | Lost mutation: You are agile. (Dex +4, Str/Int -1) [Xom's
                  | mischief]
 56864 | Lair:3   | Gained mutation: Your body often deteriorates upon taking
                  | damage. [Xom's mischief]
 57060 | Depths:2 | Lost mutation: Your body often deteriorates upon taking
                  | damage. [Jiyva's grace]
 57060 | Depths:2 | Lost mutation: Your body sometimes deteriorates upon taking
                  | damage. [Jiyva's grace]
 57060 | Depths:2 | Gained mutation: You possess an exceptional clarity of
                  | mind. [Jiyva's grace]
 57060 | Depths:2 | Gained mutation: Your melee attacks may engulf your foes in
                  | ooze. [Jiyva's grace]
 57060 | Depths:2 | Gained mutation: You have a pair of horns on your head.
                  | [Jiyva's grace]
 57060 | Depths:2 | Gained mutation: You have a pair of large horns on your
                  | head. [Jiyva's grace]
 57067 | Depths:2 | Reached skill level 26 in Fighting
 57308 | Depths:2 | Gained mutation: Your magical capacity is low. (-10% MP) [a
                  | neqoxec]
 57355 | Depths:2 | Found a one-way gate leading to the halls of Pandemonium.
 57576 | Depths:2 | Identified the +1 sling of Woe {flame, Int+2}
 57581 | Depths:2 | Noticed Vv
 57608 | Depths:2 | Noticed a dread lich
 57716 | Depths:1 | Killed a dread lich
 57751 | Depths:2 | Killed Vv
 57752 | Depths:2 | Reached skill level 11 in Evocations
 57818 | Depths:2 | Found the +6 Majin-Bo {spellvamp, MP+6 Int+6}
 57825 | Depths:2 | XOM: summons 2 hostile shadow creatures
 58162 | Depths:3 | Found an iron altar of Okawaru.
 58277 | Depths:3 | Identified the +2 flail of the Magic Mushroom {flame, rElec
                  | Will- SInv Stlth-}
 58339 | Depths:3 | Reached skill level 12 in Evocations
 58371 | Depths:3 | Noticed a caustic shrike
 58375 | Depths:3 | Noticed a caustic shrike
 58375 | Depths:3 | Noticed a caustic shrike
 58424 | Depths:3 | Noticed a caustic shrike
 58426 | Depths:3 | Noticed a caustic shrike
 58428 | Depths:3 | Noticed a caustic shrike
 58431 | Depths:3 | Killed a caustic shrike
 58435 | Depths:3 | Killed a caustic shrike
 58436 | Depths:3 | Killed a caustic shrike
 58439 | Depths:3 | Found an ornate altar of the Wu Jian Council.
 58439 | Depths:3 | Found a one-way gate to the infinite horrors of the Abyss.
 58528 | Depths:3 | Killed a caustic shrike
 58529 | Depths:3 | Reached skill level 27 in Fighting
 58532 | Depths:3 | Killed a caustic shrike
 58537 | Depths:3 | Killed a caustic shrike
 58625 | Depths:3 | Identified the +5 scimitar "Dehez" {freeze, rPois Will+
                  | Int-3 SInv}
 58628 | Depths:3 | Reached skill level 13 in Evocations
 58645 | Depths:3 | Reached XP level 25. HP: 234/234 MP: 20/20
 58686 | Depths:3 | Found a blossoming altar of Fedhas.
 58747 | Depths:3 | >>I die here
 58747 | Depths:3 | HP: 18/234 [walking earthen tome (10)]
 58747 | Depths:3 | HP: 4/234 [iron troll (6)]
 58749 | Depths:3 | Slain by a spriggan defender

Vanquished Creatures
  2 dread liches
  2 ancient liches
  Mara (Vaults:4)
  Mennas (Crypt:1)
  Vv (Depths:2)
  Bai Suzhen (Crypt:2)
  6 caustic shrikes (Depths:3)
  A golden dragon (Depths:3)
  2 deep elf blademasters (Elf:3)
  2 deep elf master archers (Elf:3)
  A quicksilver dragon (Depths:3)
  5 sphinxes
  A lich (Crypt:3)
  Agnes (Snake:3)
  A storm dragon (Depths:3)
  An ancient champion (Crypt:1)
  Donald (Elf:1)
  2 shadow dragons
  3 tentacled starspawn
  2 thorn hunters
  A storm dragon (shapeshifter) (Elf:1)
  3 tengu reavers
  16 nagarajas
  Aizul (Snake:3)
  7 fire giants
  5 frost giants
  19 vault wardens
  6 deep elf sorcerers (Elf:3)
  A revenant (Crypt:1)
  An iron dragon (Vaults:3)
  3 deep elf elementalists (Elf:3)
  Louise (Swamp:3)
  2 angels (Elf:2)
  An orc warlord (Orc:1)
  2 caustic shrike zombies
  A cacodemon (Abyss:5)
  3 curse skulls
  2 balrugs
  2 war gargoyles
  14 ironbound preservers
  6 reapers
  3 formless jellyfish
  6 stone giants
  A caustic shrike skeleton (Crypt:3)
  5 ghouls (Crypt:1)
  14 very ugly things
  3 ironbound thunderhulks
  2 vampire knights (Crypt:1)
  11 deep elf demonologists
  4 eleionomae
  11 dire elephants
  5 deep elf annihilators
  A minotaur (Gauntlet)
  3 spark wasps (Depths:2)
  2 bunyips
  2 crystal guardians (Vaults:4)
  12 eidola
  4 ettins
  8 deep elf death magi
  A mummy priest (Crypt:3)
  A green death (Abyss:4)
  An entropy weaver (Vaults:2)
  2 spriggan zombies (Crypt:3)
  7 fire dragons
  6 yaktaur captains
  11 jiangshi
  A shambling mangrove (Swamp:4)
  2 quicksilver dragon zombies
  A fenstrider witch zombie (Crypt:3)
  5 great orbs of eyes
  6 deep elf high priests
  25 hydras
  5 ice dragons
  4 rakshasas
  2 peacekeepers (Vaults:4)
  2 salamander tyrants
  A catoblepas (Lair:3)
  6 vault guards
  A hell beast (Depths:2)
  Erica (D:8)
  7 spriggan air magi
  13 alligators
  12 centaur warriors
  11 anacondas
  6 boulder beetles
  10 ironbound frosthearts
  3 ogre magi (D:14)
  2 spriggan skeletons
  3 deep troll shamans
  4 death knights
  3 ghost crabs
  A satyr (shapeshifter) (D:14)
  6 two-headed ogres
  2 death yaks (IceCv)
  2 hell hogs
  20 tengu warriors
  11 naga warriors
  3 deep troll earth magi
  3 thrashing horrors (Abyss:4)
  14 naga sharpshooters
  32 dancing weapons
  5 spriggan berserkers
  An orc high priest (Orc:2)
  16 vampire magi
  6 shock serpents
  6 sun demons
  17 deep elf knights
  12 spriggans
  A hell knight (Vaults:4)
  9 soul eaters
  5 skysharks
  3 shadow wraiths
  2 iron trolls (Depths:3)
  18 skeletal warriors
  A wretched star (Abyss:4)
  A bunyip zombie (Crypt:3)
  A spatial maelstrom (Abyss:5)
  38 deep trolls
  8 salamander mystics
  A death drake (shapeshifter) (D:13)
  3 glowing orange brains
  4 goliath frogs
  An orb spider (Elf:1)
  3 flayed ghosts
  9 swamp dragons
  3 spriggan druids
  7 bog bodies
  A golden dragon zombie (Crypt:3)
  8 deep elf archers
  6 naga ritualists
  19 phantasmal warriors
  9 harpies
  2 wolf spiders (Crypt:3)
  20 deep elf zephyrmancers
  9 ironbound convokers
  7 lindwurms
  10 wizards
  9 mana vipers
  An iron dragon zombie (Crypt:1)
  15 necromancers
  6 orc knights
  29 deep elf pyromancers
  A shadow dragon zombie (Crypt:2)
  2 manticores
  9 cyclopes
  3 will-o-the-wisps
  A stone giant zombie (Crypt:1)
  29 ugly things
  4 orc sorcerers
  8 elephants
  A shining eye (D:12)
  15 salamanders
  12 vault sentinels
  2 fire giant skeletons (Vaults:3)
  A stone giant skeleton (D:15)
  A centaur zombie (Crypt:3)
  An iron dragon skeleton (Vaults:3)
  28 black mambas
  Maurice (D:8)
  A dire elephant zombie (Crypt:3)
  20 naga magi
  6 guardian serpents (Snake:4)
  2 rust devils (Depths:2)
  A torpor snail (Lair:5)
  An eye of devastation (D:14)
  An ice statue (IceCv)
  A gargoyle (D:14)
  13 cane toads
  A centaur skeleton (Crypt:3)
  8 smoke demons
  Psyche (D:7)
  An alligator snapping turtle zombie (Crypt:2)
  2 orange demons (Depths:2)
  A cane toad (shapeshifter) (Elf:1)
  2 swamp worm zombies (Crypt:2)
  3 unseen horrors
  6 freezing wraiths
  4 rime drakes
  5 komodo dragons
  A steelbarb worm zombie (Crypt:1)
  An efreet (D:14)
  23 yaktaurs
  5 tengu conjurers
  A yaktaur skeleton (Vaults:3)
  A komodo dragon (shapeshifter) (Snake:4)
  A guardian mummy (Crypt:3)
  An ancient zyme (Abyss:4)
  A troll (shapeshifter) (Elf:2)
  A red devil (Gauntlet)
  A polar bear (shapeshifter) (D:14)
  A meliai (shapeshifter) (D:13)
  6 trolls
  2 harpy zombies (Crypt:3)
  A harpy skeleton (Crypt:3)
  2 bloated husks
  13 polar bears
  A sea snake skeleton (Crypt:1)
  15 hellwings
  8 tyrant leeches
  A hornet (shapeshifter) (Lair:1)
  23 blink frogs
  A mana viper skeleton (Crypt:2)
  A fire dragon zombie (Crypt:3)
  A moth of wrath zombie (Crypt:1)
  10 hornets
  7 dream sheep (Lair:3)
  3 large abominations
  An ettin zombie (Crypt:3)
  A black mamba zombie (Crypt:3)
  4 air elementals
  3 jumping spiders
  2 vampires
  25 slime creatures
  6 flying skulls (Crypt:2)
  10 wraiths
  2 water elementals (Elf:3)
  A wyvern (Lair:5)
  58 yaks
  2 black mamba skeletons (Crypt:2)
  2 ushabtiu (Crypt:3)
  A culicivora (Vaults:2)
  3 fire bats (Gauntlet)
  A golden eye (Vaults:3)
  A fire elemental (Elf:1)
  2 neqoxecs
  6 redbacks
  27 vampire mosquitoes
  A human zombie (D:15)
  A steam dragon (D:8)
  A warg (Orc:2)
  46 nagas
  2 naga zombies (Crypt:3)
  2 spatial vortices (Abyss:5)
  20 swamp worms
  2 hell hounds (Gauntlet)
  8 water moccasins
  2 acid dragons
  2 glowing shapeshifter skeletons (Vaults:3)
  A deep troll skeleton (Crypt:2)
  2 naga skeletons (Crypt:3)
  12 swamp drakes
  2 ice beasts
  42 orc warriors
  3 sky beasts
  3 black bears
  An ice beast (shapeshifter) (Orc:1)
  An ettin simulacrum (Depths:3)
  10 ogres
  12 centaurs
  A lindwurm skeleton (Crypt:2)
  A manticore skeleton (Crypt:2)
  32 wolves
  A swamp dragon skeleton (Crypt:3)
  A phantom (D:5)
  8 kobold brigands
  A necrophage (Crypt:1)
  14 bullfrogs
  A scorpion (shapeshifter) (D:11)
  6 earth elementals
  5 human skeletons (Vaults:3)
  2 scorpions
  13 wyvern skeletons (Crypt:3)
  10 wights
  A raiju skeleton (Crypt:1)
  8 electric eels
  9 howler monkeys
  A shapeshifter skeleton (Crypt:2)
  A polar bear skeleton (Crypt:2)
  A crimson imp (Gauntlet)
  17 orc priests
  2 gnoll boudas (D:7)
  4 hounds
  6 jellies
  6 iguanas
  2 sleepcaps
  25 orc wizards
  An adder (shapeshifter) (Vaults:3)
  11 gnolls
  8 adders
  2 shadow imps
  A white imp (D:5)
  4 ufetubi
  A worm (D:4)
  6 dart slugs
  67 orcs
  2 endoplasms (D:1)
  3 giant cockroaches
  8 goblins
  5 hobgoblins
  5 jackals (D:2)
  3 quokkas
  4 ball pythons
  9 bats
  2 frilled lizards
  28 kobolds
  4 rats
  A rat zombie (Crypt:1)
  3 starspawn tentacles (Abyss:4)
1845 creatures vanquished.

Vanquished Creatures (collateral kills)
  the Lernaean hydra (Swamp:4)
  A curse skull (Crypt:3)
  A yaktaur captain (Vaults:3)
  A hell hog (Depths:3)
  A necromancer (Crypt:3)
  A salamander (Snake:2)
  2 slime creatures (Vaults:2)
  A sea snake skeleton (Crypt:1)
  An orc (D:7)
10 creatures vanquished.

Vanquished Creatures (others)
  A frost giant (Depths:3)
  A great orb of eyes (Abyss:4)
  A centaur warrior (D:14)
  An anaconda (Snake:2)
  An ironbound frostheart (Vaults:2)
  A dancing weapon (Elf:3)
  A skeletal warrior (Vaults:3)
  A quicksilver dragon simulacrum (Depths:3)
  5 glowing orange brains
  A lindwurm (Vaults:2)
  A wizard (Depths:3)
  A deep elf pyromancer (Elf:3)
  Maggie (D:7)
  A blink frog (Lair:3)
  A snapping turtle (shapeshifter) (Depths:3)
  A yak (Abyss:4)
  A vampire mosquito (Swamp:2)
  A water nymph skeleton (Crypt:1)
  An ice beast (D:7)
  An ettin simulacrum (Depths:3)
  A wyvern skeleton (Crypt:3)
  A wolf skeleton (Crypt:1)
  97 jellies
  2 orc priests
  A white imp (D:5)
  An ufetubus (Abyss:4)
  2 orcs
  A goblin (D:7)
  2 foxfires (Swamp:3)
  8 starspawn tentacles
140 creatures vanquished.

Grand Total: 1995 creatures vanquished

Table legend: (Time is in decaauts)
 A = Elapsed time spent in this place.
 B = Non-inter-level travel time spent in this place.
 C = Inter-level travel time spent in this place.
 D = Time resting spent in this place.
 E = Time spent auto-exploring this place.
 F = Levels seen in this place.
 G = Mean time per level.
                   A        B        C        D        E       F      G
               +--------+--------+--------+--------+--------+-----+--------+
         Total |  56667 |  50710 |   5957 |   8470 |  31501 |  54 | 1049.4 |
       Dungeon |  16528 |  14529 |   1999 |   1689 |  10171 |  15 | 1101.9 |
          Lair |   6808 |   5333 |   1475 |    580 |   3875 |   5 | 1361.6 |
         Swamp |   2002 |   1860 |    142 |      0 |   1363 |   4 |  500.5 |
     Snake Pit |   6575 |   6109 |    466 |    567 |   4328 |   4 | 1643.8 |
    Slime Pits |    949 |    819 |    130 |      0 |    774 |   5 |  189.8 |
  Orcish Mines |   1865 |   1411 |    454 |     89 |    965 |   2 |  932.5 |
   Elven Halls |   6081 |   5595 |    486 |   2605 |   1811 |   3 | 2027.0 |
        Vaults |   7734 |   7221 |    513 |   1892 |   3972 |   4 | 1933.5 |
         Crypt |   3663 |   3507 |    156 |    269 |   2213 |   3 | 1221.0 |
        Depths |   2438 |   2306 |    132 |    386 |   1137 |   3 |  812.7 |
         Abyss |    170 |    170 |      0 |     12 |      0 |   2 |   85.0 |
        Bailey |    503 |    503 |      0 |    143 |    229 |   1 |  503.0 |
      Ice Cave |    975 |    975 |      0 |    225 |    447 |   1 |  975.0 |
    Desolation |      3 |      3 |      0 |      0 |      0 |   1 |    3.0 |
      Gauntlet |    365 |    365 |      0 |      9 |    213 |   1 |  365.0 |
               +--------+--------+--------+--------+--------+-----+--------+

Top non-repeatable levels by time:
   Elf:3: 3061 daAuts
 Snake:4: 2585 daAuts
Vaults:4: 2410 daAuts
Vaults:3: 2372 daAuts
    D:14: 1872 daAuts
 Crypt:3: 1762 daAuts
Vaults:1: 1699 daAuts
  Lair:1: 1678 daAuts
 Snake:2: 1659 daAuts
  Lair:3: 1628 daAuts
     D:8: 1621 daAuts
    D:10: 1589 daAuts
   Elf:1: 1585 daAuts
     D:5: 1571 daAuts
   Elf:2: 1434 daAuts

Table legend:
 A = Non-vault XP
 B = Vault XP
 C = Vault XP percentage of total XP
 D = Non-vault monster count
 E = Vault monster count
 F = Vault count percentage of total count
                 A         B        C        D         E       F
            +---------+---------+-------+---------+---------+-------
      Total |  481349 |  490941 |  50.5 |    1131 |     772 |  40.6
            +---------+---------+-------+---------+---------+-------
        D:1 |      36 |       0 |   0.0 |      19 |       0 |   0.0
        D:2 |      99 |       0 |   0.0 |      29 |       0 |   0.0
        D:3 |     106 |       0 |   0.0 |      12 |       0 |   0.0
        D:4 |     304 |       0 |   0.0 |      14 |       0 |   0.0
        D:5 |     594 |     633 |  51.6 |      12 |      12 |  50.0
        D:6 |    1368 |     307 |  18.3 |      12 |       1 |   7.7
        D:7 |    1059 |     647 |  37.9 |      27 |       6 |  18.2
        D:8 |    1635 |    1307 |  44.4 |      27 |       2 |   6.9
        D:9 |    1107 |       0 |   0.0 |      32 |       0 |   0.0
       D:10 |    4596 |     724 |  13.6 |      17 |       5 |  22.7
       D:11 |    2546 |    8574 |  77.1 |       8 |      29 |  78.4
       D:12 |    7129 |       0 |   0.0 |      30 |       0 |   0.0
       D:13 |    6555 |    1978 |  23.2 |      22 |       3 |  12.0
       D:14 |    9184 |   23773 |  72.1 |      19 |      36 |  65.5
       D:15 |    6842 |    5092 |  42.7 |      15 |       8 |  34.8
     Lair:1 |    7104 |       0 |   0.0 |      27 |       0 |   0.0
     Lair:2 |    2994 |       0 |   0.0 |      11 |       0 |   0.0
     Lair:3 |    6103 |    3500 |  36.4 |      26 |      10 |  27.8
     Lair:4 |    7933 |       0 |   0.0 |      25 |       0 |   0.0
     Lair:5 |   10065 |   11381 |  53.1 |      33 |      37 |  52.9
    Swamp:1 |   14287 |     409 |   2.8 |      30 |       3 |   9.1
    Swamp:2 |   13013 |    1415 |   9.8 |      24 |       1 |   4.0
    Swamp:3 |   12813 |    1189 |   8.5 |      32 |       1 |   3.0
    Swamp:4 |   11792 |   15713 |  57.1 |      18 |      23 |  56.1
    Snake:1 |   15206 |    5161 |  25.3 |      31 |      12 |  27.9
    Snake:2 |   18078 |       0 |   0.0 |      37 |       0 |   0.0
    Snake:3 |   13351 |    5352 |  28.6 |      26 |       7 |  21.2
    Snake:4 |   16413 |   37918 |  69.8 |      35 |      44 |  55.7
      Orc:1 |    4054 |       0 |   0.0 |      36 |       0 |   0.0
      Orc:2 |    4538 |    4672 |  50.7 |      32 |      37 |  53.6
      Elf:1 |   21764 |   10352 |  32.2 |      35 |      14 |  28.6
      Elf:2 |    9353 |   23602 |  71.6 |      18 |      30 |  62.5
      Elf:3 |   12935 |   33871 |  72.4 |      20 |      34 |  63.0
   Vaults:1 |   13632 |   27467 |  66.8 |      26 |      33 |  55.9
   Vaults:2 |   29397 |    5183 |  15.0 |      45 |       9 |  16.7
   Vaults:3 |   23188 |   38170 |  62.2 |      35 |      48 |  57.8
   Vaults:4 |   25547 |   33500 |  56.7 |      31 |      34 |  52.3
    Crypt:1 |   46144 |    4006 |   8.0 |      62 |       1 |   1.6
    Crypt:2 |   15535 |    7653 |  33.0 |      31 |       7 |  18.4
    Crypt:3 |       0 |   66836 | 100.0 |       0 |     112 | 100.0
   Depths:1 |   32655 |    8813 |  21.3 |      41 |       6 |  12.8
   Depths:2 |   23057 |   14234 |  38.2 |      28 |      18 |  39.1
   Depths:3 |    8068 |   64498 |  88.9 |      10 |      60 |  85.7
    Abyss:4 |   12203 |    4081 |  25.1 |      21 |       7 |  25.0
    Abyss:5 |    6967 |     615 |   8.1 |      10 |       1 |   9.1
     Bailey |       0 |     847 | 100.0 |       0 |      20 | 100.0
      IceCv |       0 |   13382 | 100.0 |       0 |      49 | 100.0
   Gauntlet |       0 |    4086 | 100.0 |       0 |      12 | 100.0
            +---------+---------+-------+---------+---------+-------
